Map: Blackpink LE

Players

Cloudy

  • Race: Protoss Protoss
  • League: Master
  • Spawn Location: 1:00

Scarlett - Winner!

  • Race: Zerg Zerg
  • Spawn Location: 7:00

Event: 2018 Hangzhou StarCraft Carnival

VOD

Have the link to the VOD?

Description

Time

  • Played on: April 29, 2018, 3:44 a.m.
  • Length: 3:25

All games in this series

Show
View Real Time Build Order
Export as new Build Order

Cloudy Protoss 

Build Orders: 1 Gate Expand 

Get SALT Encoding   

  12  0:01  Probe  
  13  0:13  Probe  
  14  0:21  Pylon  
  14  0:26  Probe  
  15  0:36  Probe  
  15  0:40  Gateway  
  16  0:44  Probe  
  16  0:49  Assimilator  
  17  0:54  Probe  
  18  1:06  Probe  
  19  1:18  Probe  
  20  1:28  Nexus  
  20  1:39  Cybernetics Core  
  21  1:40  Probe  
  21  1:49  Assimilator  
  21  1:51  Pylon  
  21  1:54  Probe  
  22  2:06  Adept, Probe  
  25  2:19  Probe  
  25  2:22  Stargate  
  26  2:29  Probe  
  26  2:35  Adept  
  29  2:37  Probe  
  29  2:41  Probe  
  31  2:45  Probe  
  32  2:53  Probe  
  32  2:57  Probe  
  34  3:05  Probe  
  34  3:09  Probe  
  39  3:15  Gateway  
Show
View Real Time Build Order
Export as new Build Order

Scarlett Zerg - Winner!

Build Orders: Hatch First 

Get SALT Encoding   

  12  0:00  Drone  
  13  0:12  Overlord  
  13  0:20  Drone  
  14  0:31  Drone x2  
  16  0:48  Hatchery  
  15  0:51  Drone  
  15  0:55  Drone  
  17  0:58  Drone  
  17  1:01  Extractor  
  17  1:13  Spawning Pool  
  17  1:17  Drone  
  17  1:19  Drone  
  18  1:28  Drone  
  19  1:39  Drone  
  20  1:49  Overlord  
  20  2:00  Queen x2  
  24  2:01  Metabolic Boost  
  24  2:05  Zergling x2  
  24  2:07  Zergling x2  
  26  2:11  Zergling x2  
  26  2:13  Zergling x2  
  28  2:22  Zergling x2  
  29  2:26  Zergling x2  
  30  2:32  Zergling x4  
  32  2:39  Hatchery  
  31  2:45  Zergling x2  
  31  2:46  Zergling x2  
  33  2:53  Zergling x2  
  33  2:55  Overlord  
Tags
 
Add a new tag
Caveats
  • Supply blocks, unpowered buildings, or Contaminate may cause inaccurate times.
  • Supply counts are checked every 10 seconds.